[Event "Titled Tuesday Blitz November 16 2021"]
[White "FGHSMN"]
[Black "Durarbayli, Vasif"]
[BlackFideId "13402935"]
[WhiteElo "2666"]
[BlackElo "2522"]
[Result "1-0"]
[Round "04"]
[TimeControl "180+1"]
[Date "2021.11.16"]
[WhiteClock "0:00:21"]
[BlackClock "0:00:02"]

1. e4 c5 2. Nf3 d6 3. d4 cxd4 4. Nxd4 Nf6 5. Nc3 Nc6 6. Bg5 Qb6 7. Nb3 a6 8. Be3 Qc7 9. Be2 e6 10. O-O Be7 11. a4 b6 12. Nd2 Bb7 13. Nc4 Nd7 14. Qd2 Nce5 15. Nxe5 dxe5 16. Rfd1 Rc8 17. a5 bxa5 18. Rxa5 Nc5 19. b4 Rd8 20. Rxc5 Bxc5 21. Qxd8+ Qxd8 22. Rxd8+ Kxd8 23. Bxc5 Kc7 24. f3 Rd8 25. Bd3 Ra8 26. Kf2 Bc6 27. Ke3 f6 28. Bc4 Kd7 29. Bb3 Rc8 30. Na4 Rb8 31. Nb6+ Kc7 32. Nc4 Kd7 33. Na5 Ba8 34. Bc4 f5 35. Bxa6 f4+ 36. Kd2 g5 37. b5 g4 38. b6 Bc6 39. b7 Bxb7 40. Bxb7 g3 41. h3 Kc7 42. Ke2 h5 43. Ba7 Rd8 44. Bc6 h4 45. Bb5 Ra8 46. Nc6 Kb7 47. c4 Kc7 48. Kd3 Kb7 49. Kc3 Kc7 50. Kb4 Kb7 51. Ka5 Rg8 52. c5 Ra8 53. Kb4 Rg8 54. Bb6 Ra8 55. Na5+ Kc8 56. c6 1-0


[Site "https://www.chess.com"]

[Event "Titled Tuesday Blitz November 16 2021"]
[White "Gegenfurtner, Juergen"]
[Black "Shubin, Kirill"]
[WhiteFideId "24632147"]
[BlackFideId "34119962"]
[WhiteElo "2398"]
[BlackElo "2501"]
[Result "0-1"]
[Round "04"]
[TimeControl "180+1"]
[Date "2021.11.16"]
[WhiteClock "0:00:13"]
[BlackClock "0:00:21"]

1. d4 e6 2. c4 Nf6 3. Nc3 Bb4 4. a3 Bxc3+ 5. bxc3 c5 6. f3 b6 7. e4 O-O 8. Bd3 Bb7 9. Be3 d6 10. Ne2 Nc6 11. g4 Na5 12. Ng3 Ba6 13. Qe2 Rc8 14. d5 Nd7 15. f4 Qh4 16. O-O Nf6 17. g5 Ng4 18. Ra2 Bxc4 19. Bxc4 Nxc4 20. Bc1 b5 21. Kg2 Qxh2+ 22. Kf3 Nce5+ 23. fxe5 Nxe5+ 24. Kf4 Qh4+ 25. Ke3 Qxg3+ 26. Kd2 exd5 27. Kd1 dxe4 28. Rd2 Nc4 29. Rd5 Qxc3 30. g6 fxg6 31. Rxf8+ Rxf8 32. Qxe4 Rf1+ 33. Ke2 Re1+ 34. Kf2 Rxe4 0-1


[Site "https://www.chess.com"]

[Event "Titled Tuesday Blitz November 16 2021"]
[White "Goltsev, Dmitry"]
[Black "Pranav, V"]
[WhiteFideId "24176710"]
[BlackFideId "25060783"]
[WhiteElo "2259"]
[BlackElo "2351"]
[Result "0-1"]
[Round "04"]
[TimeControl "180+1"]
[Date "2021.11.16"]
[WhiteClock "0:00:02"]
[BlackClock "0:00:17"]

1. e4 e5 2. Nf3 Nc6 3. Bb5 a6 4. Ba4 Nf6 5. O-O b5 6. Bb3 Bc5 7. Nxe5 Nxe5 8. d4 Bxd4 9. Qxd4 d6 10. c3 c5 11. Qd1 O-O 12. Bg5 h6 13. Bxf6 Qxf6 14. Bd5 Rb8 15. f4 Ng4 16. Qe2 Qh4 17. h3 Nf6 18. Nd2 Nxd5 19. exd5 Bb7 20. Qd3 Rfe8 21. Ne4 Rbd8 22. b3 Bc8 23. Ng3 c4 24. bxc4 bxc4 25. Qf3 Re7 26. Rfe1 Rde8 27. Rxe7 Qxe7 28. Kh2 Bb7 29. Rb1 Bc8 30. Rb6 Qe1 31. Qf1 Qxc3 32. Rxd6 Qd2 33. Qxc4 h5 34. Nxh5 Bf5 35. Ng3 Bb1 36. Rxa6 Rb8 37. Rc6 Rb2 38. Rc8+ Kh7 39. Qf1 Bd3 40. Qg1 Qxf4 41. Rc3 Be4 42. h4 Qxh4# 0-1


[Site "https://www.chess.com"]

[Event "Titled Tuesday Blitz November 16 2021"]
[White "Golubev, Mikhail"]
[Black "Willow, Jonah B"]
[WhiteFideId "14100983"]
[BlackFideId "438804"]
[WhiteElo "2374"]
[BlackElo "2261"]
[Result "1-0"]
[Round "04"]
[TimeControl "180+1"]
[Date "2021.11.16"]
[WhiteClock "0:01:01"]
[BlackClock "0:01:05"]

1. e4 c5 2. Nf3 Nc6 3. Nc3 g6 4. d4 cxd4 5. Nxd4 Bg7 6. Be3 Nf6 7. Nxc6 bxc6 8. e5 Ng8 9. Bd4 Qa5 10. f4 Rb8 11. Bc4 Rxb2 12. O-O c5 13. Nd5 cxd4 14. Qxd4 Rb8 15. Rab1 Bb7 16. Rb5 Qd8 17. Rfb1 Qc8 18. Qxa7 Nh6 19. Rxb7 Rxb7 20. Rxb7 1-0


[Site "https://www.chess.com"]

[Event "Titled Tuesday Blitz November 16 2021"]
[White "Gurel, Ediz"]
[Black "Sadhwani, Raunak"]
[WhiteFideId "44507356"]
[BlackFideId "35093487"]
[WhiteElo "1726"]
[BlackElo "2517"]
[Result "0-1"]
[Round "04"]
[TimeControl "180+1"]
[Date "2021.11.16"]
[WhiteClock "0:00:05"]
[BlackClock "0:00:46"]

1. e4 e5 2. Nf3 Nc6 3. Bb5 Nge7 4. O-O Ng6 5. c3 a6 6. Ba4 d5 7. exd5 Qxd5 8. Re1 Be7 9. d4 Bg4 10. Bb3 Bxf3 11. Bxd5 Bxd1 12. Rxd1 O-O-O 13. Bxc6 bxc6 14. Be3 f5 15. f3 Rhe8 16. Nd2 Bf6 17. Nb3 e4 18. f4 Ne7 19. c4 Rd6 20. Rd2 h6 21. Rad1 g5 22. g3 Ng6 23. Rf1 gxf4 24. gxf4 Nh4 25. Rdd1 Nf3+ 26. Kf2 Rg8 27. Ke2 Bh4 28. Rxf3 exf3+ 29. Kxf3 Rdg6 30. d5 Rg2 31. dxc6 Rxh2 32. Rg1 Rh3+ 33. Ke2 Rxe3+ 34. Kxe3 Rxg1 0-1


[Site "https://www.chess.com"]

[Event "Titled Tuesday Blitz November 16 2021"]
[White "Holt, Conrad"]
[Black "Tillyaev, Ulugbek"]
[WhiteFideId "2034387"]
[BlackFideId "14202441"]
[WhiteElo "2586"]
[BlackElo "2341"]
[Result "0-1"]
[Round "04"]
[TimeControl "180+1"]
[Date "2021.11.16"]
[WhiteClock "0:00:01"]
[BlackClock "0:00:43"]

1. d4 Nf6 2. c4 e5 3. dxe5 Ng4 4. Bf4 Nc6 5. Nf3 Bb4+ 6. Nbd2 Qe7 7. a3 Ngxe5 8. Nxe5 Nxe5 9. e3 Bxd2+ 10. Qxd2 d6 11. Be2 a5 12. O-O O-O 13. Qc3 b6 14. b3 Bb7 15. Rfe1 Rfe8 16. Bg3 Qf6 17. Rac1 Qg6 18. f3 h5 19. e4 Qf6 20. h4 Re6 21. Qd2 Qg6 22. Qg5 Qh7 23. Qf5 Qxf5 24. exf5 Re7 25. Bf1 Rae8 26. Kf2 f6 27. Bf4 Bc8 28. Bxe5 Rxe5 29. Rxe5 Rxe5 30. g4 hxg4 31. fxg4 g6 32. fxg6 Bxg4 33. b4 axb4 34. axb4 Kg7 35. Ra1 Kxg6 36. Ra7 Re7 37. Bd3+ Kh5 38. Ra8 Kxh4 0-1


[Site "https://www.chess.com"]

[Event "Titled Tuesday Blitz November 16 2021"]
[White "Ibrahimli, Murad"]
[Black "Vypkhaniuk, Ihor"]
[WhiteFideId "13410229"]
[BlackFideId "14112256"]
[WhiteElo "2109"]
[BlackElo "2327"]
[Result "1/2-1/2"]
[Round "04"]
[TimeControl "180+1"]
[Date "2021.11.16"]
[WhiteClock "0:00:11"]
[BlackClock "0:00:10"]

1. e4 d5 2. exd5 Nf6 3. d4 Bg4 4. f3 Bf5 5. g4 Bg6 6. c4 e6 7. dxe6 Nc6 8. Be3 Qe7 9. Kf2 O-O-O 10. Nc3 fxe6 11. Nge2 Qb4 12. Qb3 Na5 13. Qxb4 Bxb4 14. Nf4 Bf7 15. g5 Nh5 16. Nxh5 Bxh5 17. Bh3 Rhf8 18. f4 Kb8 19. Bf1 Nc6 20. d5 Bxc3 21. bxc3 exd5 22. cxd5 Rxd5 23. Bg2 Ra5 24. Bxc6 bxc6 25. Rhb1+ Kc8 26. Kg3 Bf7 27. a4 Re8 28. Bd4 g6 29. Re1 Rxe1 30. Rxe1 Rxa4 31. Re7 Bd5 32. Rxh7 Ra2 33. f5 gxf5 34. h4 a5 35. Kf4 a4 36. g6 Rg2 37. h5 Bc4 38. Be5 a3 39. Rxc7+ Kd8 40. Ra7 a2 41. g7 Rh2 42. Kg5 Rg2+ 43. Kf6 f4 44. Bxf4 Be2 45. h6 Bd3 46. Bg5 Bh7 47. Ra8+ Kc7 48. Bf4+ Kb6 49. Ra3 Kc5 50. Be5 Kc4 51. Bd4 Rg3 52. Be5 Rg2 53. Kf7 c5 54. Bf6 Bg6+ 55. Kf8 Bh7 56. Ra7 Rb2 57. Ra8 Rb8+ 58. Rxb8 a1=Q 59. g8=Q+ Bxg8 60. Kxg8 Qg1+ 61. Bg7 Qg3 62. Rf8 Qg4 63. h7 Qe6+ 64. Rf7 Qc8+ 65. Bf8 Qg4+ 66. Rg7 Qe6+ 67. Rf7 Qg4+ 68. Kh8 Kxc3 69. Bg7+ Kd3 70. Kg8 Qc8+ 71. Rf8 Qe6+ 72. Kh8 c4 73. Rd8+ Kc2 74. Rf8 Kb3 75. Rf3+ Kb4 76. Bf8+ Kb5 77. Kg7 Qe5+ 78. Rf6 Qg5+ 79. Rg6 Qe5+ 80. Kg8 Qd5+ 81. Kg7 Qe5+ 82. Rf6 Qg5+ 83. Kf7 Qh5+ 84. Kg7 Qg5+ 1/2-1/2


[Site "https://www.chess.com"]

[Event "Titled Tuesday Blitz November 16 2021"]
[White "Kamsky, Gata"]
[Black "Lavrov, Maxim"]
[WhiteFideId "2000024"]
[BlackFideId "4166418"]
[WhiteElo "2645"]
[BlackElo "2192"]
[Result "1-0"]
[Round "04"]
[TimeControl "180+1"]
[Date "2021.11.16"]
[WhiteClock "0:02:09"]
[BlackClock "0:01:12"]

1. e4 e5 2. Nf3 Nc6 3. Bb5 a6 4. Ba4 Nf6 5. O-O Be7 6. Re1 b5 7. Bb3 O-O 8. c3 d5 9. d4 dxe4 10. Nxe5 Bb7 11. Nxc6 Bxc6 12. Bg5 h6 13. Bxf6 Bxf6 14. Nd2 Re8 15. Qg4 Bd7 16. Qh5 Be6 17. Nxe4 Bxb3 18. axb3 Be7 19. b4 c6 20. Re3 a5 21. bxa5 Rxa5 22. Rae1 Kh8 23. Qxf7 1-0


[Site "https://www.chess.com"]

[Event "Titled Tuesday Blitz November 16 2021"]
[White "Kryakvin, Dmitry"]
[Black "Nesterov, Arseniy"]
[WhiteFideId "4153278"]
[BlackFideId "24198455"]
[WhiteElo "2372"]
[BlackElo "2489"]
[Result "1/2-1/2"]
[Round "04"]
[TimeControl "180+1"]
[Date "2021.11.16"]
[WhiteClock "0:00:40"]
[BlackClock "0:00:34"]

1. d4 d5 2. Nf3 Nf6 3. c4 e6 4. Nc3 c5 5. cxd5 exd5 6. g3 Nc6 7. Bg2 cxd4 8. Nxd4 Bc5 9. Nxc6 bxc6 10. O-O O-O 11. Qc2 Bb6 12. Na4 Bd7 13. b3 Re8 14. e3 h5 15. Bb2 Ne4 16. Bd4 Bxd4 17. exd4 Qf6 18. Nc5 Bf5 19. Nxe4 Bxe4 20. Bxe4 Rxe4 21. Rac1 Rc8 22. Rfd1 Rxd4 23. Rxd4 Qxd4 24. Qf5 Rc7 25. Qxh5 Qd2 26. Ra1 Re7 27. Qd1 Re2 28. Qxd2 Rxd2 29. Rc1 Rxa2 1/2-1/2


[Site "https://www.chess.com"]

[Event "Titled Tuesday Blitz November 16 2021"]
[White "Lewtak, Damian"]
[Black "Triapishko, Alexandr"]
[WhiteFideId "1141724"]
[BlackFideId "14122286"]
[WhiteElo "2203"]
[BlackElo "2479"]
[Result "0-1"]
[Round "04"]
[TimeControl "180+1"]
[Date "2021.11.16"]
[WhiteClock "0:00:28"]
[BlackClock "0:00:22"]

1. d4 f5 2. g3 Nf6 3. Bg2 g6 4. Nf3 Bg7 5. O-O O-O 6. Re1 d6 7. Nbd2 Nc6 8. e4 e5 9. dxe5 dxe5 10. exf5 Bxf5 11. Nh4 Bg4 12. Bf3 Bxf3 13. Ndxf3 e4 14. Ng5 Qxd1 15. Rxd1 Rfe8 16. Ng2 h6 17. Nh3 g5 18. Be3 Rad8 19. c3 Ng4 20. Ne1 b6 21. Kg2 Nce5 22. Bd4 Nc4 23. Bxg7 Kxg7 24. Rxd8 Rxd8 25. b3 Nce5 26. Rc1 Rd2 27. Nc2 Nd3 0-1


[Site "https://www.chess.com"]

[Event "Titled Tuesday Blitz November 16 2021"]
[White "Megaranto, Susanto"]
[Black "Adewumi, Tanitoluwa"]
[WhiteFideId "7101384"]
[BlackFideId "30966396"]
[WhiteElo "2644"]
[BlackElo "2552"]
[Result "0-1"]
[Round "04"]
[TimeControl "180+1"]
[Date "2021.11.16"]
[WhiteClock "0:00:05"]
[BlackClock "0:00:01"]

1. e4 c5 2. Nf3 d6 3. Bb5+ Bd7 4. Bxd7+ Qxd7 5. O-O Nf6 6. Re1 Nc6 7. c3 e6 8. d3 Be7 9. Nbd2 O-O 10. Nf1 Rad8 11. Ng3 Rfe8 12. a4 b6 13. Bf4 a6 14. h3 Qb7 15. d4 cxd4 16. cxd4 e5 17. Bg5 d5 18. exd5 Rxd5 19. Nxe5 Nxd4 20. Qb1 Bd8 21. Bxf6 Bxf6 22. Ng4 Rxe1+ 23. Qxe1 Be7 24. Rd1 Qd7 25. Rc1 h5 26. Ne3 Re5 27. Rd1 h4 28. Ne2 Bc5 29. Nxd4 Bxd4 30. Qd2 Rxe3 31. fxe3 Bxe3+ 32. Qxe3 Qxd1+ 33. Kh2 Qxa4 34. Qxb6 Qf4+ 35. Kg1 a5 36. Qxa5 Qc1+ 37. Kh2 Qxb2 38. Qd8+ Kh7 39. Qxh4+ Kg8 40. Qf4 Qc2 41. h4 Qg6 42. Kh3 Qe6+ 43. g4 Qe2 44. Qg3 Qf1+ 45. Kh2 Qe2+ 46. Qg2 Qe5+ 47. Kh3 Qf4 48. h5 f5 49. Qd5+ Kh8 50. Qxf5 Qe3+ 51. Kh4 Qe1+ 52. Kg5 Qe3+ 53. Qf4 Qe7+ 54. Kg6 Qe6+ 55. Kg5 Qh6+ 56. Kf5 Qf6+ 57. Ke4 Qe6+ 58. Kf3 Qd5+ 59. Qe4 Qf7+ 60. Kg3 Qc7+ 61. Qf4 Qc3+ 62. Kh4 Qe1+ 63. Qg3 Qe7+ 64. Kh3 Qe2 65. Qg2 Qe3+ 66. Kh4 Qe1+ 67. Kh3 Qe3+ 68. Kh2 Qf4+ 69. Qg3 Qd2+ 70. Kh3 Qe2 71. Qf4 Qe7 72. g5 Qe6+ 73. Kh4 Qe1+ 74. Kg4 Qe2+ 75. Qf3 Qc4+ 76. Kh3 Qe6+ 77. Kg3 Qe5+ 78. Qf4 Qe1+ 79. Kg4 Qg1+ 80. Kf5 Qc5+ 81. Qe5 Qf2+ 82. Kg6 Qc2+ 83. Kf7 Qc4+ 84. Qe6 Qf4+ 85. Kg6 Qf8 86. Qd7 Qg8 87. Qf7 Qh7# 0-1


[Site "https://www.chess.com"]

[Event "Titled Tuesday Blitz November 16 2021"]
[White "Nagy, Gabor"]
[Black "Le, Tuan Minh"]
[WhiteFideId "737119"]
[BlackFideId "12401153"]
[WhiteElo "2534"]
[BlackElo "2450"]
[Result "0-1"]
[Round "04"]
[TimeControl "180+1"]
[Date "2021.11.16"]
[WhiteClock "0:00:38"]
[BlackClock "0:00:25"]

1. c4 c6 2. d4 d5 3. e3 Nf6 4. Nf3 Bf5 5. Nc3 e6 6. Nh4 Be4 7. f3 Bg6 8. g3 Nbd7 9. Bd2 Bd6 10. Qb3 Rb8 11. Kf2 O-O 12. Be2 dxc4 13. Qxc4 e5 14. Nxg6 hxg6 15. Kg2 Re8 16. Rad1 Nb6 17. Qd3 exd4 18. Qxd4 Qe7 19. e4 Rbd8 20. Qf2 Bc5 21. Be3 Bxe3 22. Qxe3 Nfd5 23. Nxd5 cxd5 24. Bb5 Rf8 25. e5 d4 26. Qe2 a6 27. Bc4 Nxc4 28. Qxc4 Qxe5 29. Rhe1 Qf6 30. Re4 d3 31. Rd2 Rd7 32. Re3 Rfd8 33. b3 b5 34. Qe4 Qc3 35. Rf2 Qc1 36. Qg4 Rd4 37. Re4 Rxe4 38. fxe4 d2 39. Qg5 d1=Q 40. Qxd8+ Qxd8 0-1


[Site "https://www.chess.com"]

[Event "Titled Tuesday Blitz November 16 2021"]
[White "Ozen, Bahadir"]
[Black "Zhigalko, Sergei"]
[WhiteFideId "6337058"]
[BlackFideId "13502956"]
[WhiteElo "2503"]
[BlackElo "2662"]
[Result "1/2-1/2"]
[Round "04"]
[TimeControl "180+1"]
[Date "2021.11.16"]
[WhiteClock "0:00:56"]
[BlackClock "0:00:13"]

1. d4 Nf6 2. c4 e6 3. Nc3 Bb4 4. Qc2 O-O 5. a3 Bxc3+ 6. Qxc3 d6 7. Bg5 Nbd7 8. e3 b6 9. Ne2 Bb7 10. Qd3 h6 11. Bh4 e5 12. Nc3 Re8 13. Be2 Nf8 14. O-O Ng6 15. Bg3 Qe7 16. Rfe1 Rad8 17. Rad1 h5 18. h3 h4 19. Bh2 Nh7 20. Nd5 Bxd5 21. cxd5 Qg5 22. Rc1 Re7 23. Rc3 e4 24. Qc2 Nf6 25. Rxc7 Nxd5 26. Rxe7 Qxe7 27. Qc6 Qe6 28. Rc1 Nge7 29. Qb7 Qd7 30. Qxd7 Rxd7 31. Bb5 Rd8 32. Kf1 f5 33. Ke2 Kf7 34. g3 hxg3 35. Bxg3 g5 36. Bh2 Ke6 37. Rg1 Rg8 38. Bc4 Rg7 39. Rg2 Kd7 40. Bb5+ Ke6 41. Bc4 Kd7 42. Bb5+ Ke6 43. Bc4 1/2-1/2


[Site "https://www.chess.com"]

[Event "Titled Tuesday Blitz November 16 2021"]
[White "Punin, Andrii"]
[Black "Tabatabaei, M. Amin"]
[WhiteFideId "14112639"]
[BlackFideId "12521213"]
[WhiteElo "2357"]
[BlackElo "2555"]
[Result "0-1"]
[Round "04"]
[TimeControl "180+1"]
[Date "2021.11.16"]
[WhiteClock "0:00:04"]
[BlackClock "0:01:41"]

1. e4 c5 2. Be2 Nc6 3. f4 d5 4. d3 g6 5. Nf3 Bg7 6. c3 dxe4 7. dxe4 Qxd1+ 8. Bxd1 Nf6 9. Bc2 b6 10. h3 Bb7 11. Be3 e5 12. fxe5 Nd7 13. e6 fxe6 14. Nbd2 Nde5 15. O-O-O O-O-O 16. Nxe5 Nxe5 17. Nf3 Nc4 18. Bg5 Rxd1+ 19. Rxd1 h6 20. Bf4 g5 21. Bd2 Nxd2 22. Rxd2 Kc7 23. Kd1 Rf8 24. Ke2 b5 25. a3 Bf6 26. Rd1 a6 27. Nh2 Bg7 28. Rf1 Rxf1 29. Nxf1 Kd6 30. Ne3 h5 31. Kf3 Ke5 32. g4 h4 33. Nf1 Bf8 34. b4 Kd6 35. Ke3 Bg7 36. Kd2 Be5 37. Ne3 Bf4 38. Ke2 c4 39. Bb1 Ke5 40. Kf3 Bc6 41. Bc2 Bg3 42. Bb1 Be1 43. Nd1 Bd2 44. Ke2 Bc1 45. Nf2 Kf4 46. Kd1 Be3 47. Ke2 Bxf2 48. Kxf2 Bxe4 49. Bxe4 Kxe4 50. Ke2 e5 0-1


[Site "https://www.chess.com"]

[Event "Titled Tuesday Blitz November 16 2021"]
[White "Sarana, Alexey"]
[Black "Salinas Herrera, Pablo"]
[WhiteFideId "24133795"]
[BlackFideId "3407128"]
[WhiteElo "2689"]
[BlackElo "2541"]
[Result "1-0"]
[Round "04"]
[TimeControl "180+1"]
[Date "2021.11.16"]
[WhiteClock "0:00:21"]
[BlackClock "0:01:06"]

1. d4 d5 2. c4 c6 3. Nf3 Nf6 4. Nc3 e6 5. g3 Nbd7 6. Bg2 dxc4 7. a4 Be7 8. O-O O-O 9. e4 a5 10. Qe2 b6 11. Rd1 Ba6 12. Bf4 Re8 13. Nd2 Qc8 14. Rac1 h6 15. Nxc4 Bf8 16. b3 e5 17. dxe5 Nxe5 18. Bxe5 Rxe5 19. Nb5 Rxb5 20. axb5 Bxb5 21. e5 Nd5 22. Qd2 Bxc4 23. bxc4 Nb4 24. Re1 Qe6 25. Be4 Be7 26. h4 Rd8 27. Qf4 a4 28. Bf5 g5 29. Qe4 Rd4 30. Qb1 Qxc4 31. Rxc4 Rxc4 32. e6 f6 33. Bh7+ Kh8 34. Qg6 1-0


[Site "https://www.chess.com"]

[Event "Titled Tuesday Blitz November 16 2021"]
[White "Sasikiran, Krishnan"]
[Black "Pakhomov, Egor"]
[WhiteFideId "5004985"]
[BlackFideId "24129542"]
[WhiteElo "2552"]
[BlackElo "2435"]
[Result "1-0"]
[Round "04"]
[TimeControl "180+1"]
[Date "2021.11.16"]
[WhiteClock "0:01:45"]
[BlackClock "0:00:47"]

1. d4 d5 2. c4 c6 3. Nf3 Nf6 4. Nc3 dxc4 5. a4 Bf5 6. Ne5 Nbd7 7. Nxc4 Qc7 8. g3 e5 9. dxe5 Nxe5 10. Bf4 Nfd7 11. Bg2 f6 12. O-O Be6 13. Nxe5 Nxe5 14. a5 a6 15. Qc2 Bb4 16. Ne4 O-O 17. Nc5 Bf7 18. Ra4 Bxc5 19. Qxc5 Rfe8 20. Rd4 Rad8 21. Rfd1 Rxd4 22. Rxd4 h6 23. h4 Qe7 24. Qxe7 Rxe7 25. b4 Ng6 26. Be3 Ne5 27. Rd8+ Kh7 28. Bc5 Rd7 29. Rxd7 Nxd7 30. Bh3 Be8 31. e4 g6 32. f4 Kg7 33. Kf2 Kf7 34. Ke3 h5 35. Kd4 Kg7 36. e5 fxe5+ 37. fxe5 g5 38. hxg5 Kg6 39. e6 Nxc5 40. bxc5 Kxg5 41. Ke5 1-0


[Site "https://www.chess.com"]

[Event "Titled Tuesday Blitz November 16 2021"]
[White "Seul, Georg"]
[Black "Svane, Frederik"]
[WhiteFideId "4601653"]
[BlackFideId "12923044"]
[WhiteElo "2271"]
[BlackElo "2459"]
[Result "0-1"]
[Round "04"]
[TimeControl "180+1"]
[Date "2021.11.16"]
[WhiteClock "0:00:04"]
[BlackClock "0:00:18"]

1. e4 c6 2. d4 d5 3. e5 Bf5 4. h4 h5 5. Bd3 Bxd3 6. Qxd3 e6 7. Bg5 Be7 8. Bxe7 Nxe7 9. Nf3 Nf5 10. g3 Qb6 11. Nbd2 c5 12. c4 dxc4 13. Nxc4 Qb4+ 14. Kf1 cxd4 15. Nxd4 Nxd4 16. Qxd4 O-O 17. Qf4 Rc8 18. Nd6 Qxf4 19. gxf4 Rc2 20. Kg2 Nc6 21. Rab1 Nb4 22. Rhc1 Rd2 23. Rc7 Rf8 24. Rxb7 Nd3 25. Kf3 Nxf2 26. Rxa7 Ng4 27. b4 f6 28. Rc1 fxe5 29. Rcc7 Rxf4+ 30. Kg3 Rd3+ 31. Kg2 Rf2+ 0-1


[Site "https://www.chess.com"]

[Event "Titled Tuesday Blitz November 16 2021"]
[White "Sjugirov, Sanan"]
[Black "Bologan, Victor"]
[WhiteFideId "4189302"]
[BlackFideId "13900048"]
[WhiteElo "2653"]
[BlackElo "2472"]
[Result "1/2-1/2"]
[Round "04"]
[TimeControl "180+1"]
[Date "2021.11.16"]
[WhiteClock "0:00:04"]
[BlackClock "0:00:20"]

1. e4 e5 2. Nf3 Nc6 3. Bb5 a6 4. Ba4 Nf6 5. O-O Nxe4 6. d4 b5 7. Bb3 d5 8. dxe5 Be6 9. Qe2 Be7 10. Rd1 O-O 11. c4 bxc4 12. Bxc4 Bc5 13. Be3 Bxe3 14. Qxe3 Qb8 15. Bb3 Na5 16. Nd4 c5 17. Nxe6 fxe6 18. f3 c4 19. fxe4 cxb3 20. exd5 bxa2 21. Rxa2 Nc4 22. Qd4 Qb3 23. Nc3 Rac8 24. dxe6 Nxb2 25. e7 Rfe8 26. Rf1 Qxc3 27. Qxc3 Rxc3 28. Rxb2 Rc7 29. Rb6 Rcxe7 30. Rxa6 Rxe5 31. Ra2 R5e7 32. Raf2 Re6 1/2-1/2


[Site "https://www.chess.com"]

[Event "Titled Tuesday Blitz November 16 2021"]
[White "Stoyanov, Tsvetan"]
[Black "Kollars, Dmitrij"]
[WhiteFideId "2917173"]
[BlackFideId "12909572"]
[WhiteElo "2191"]
[BlackElo "2584"]
[Result "1/2-1/2"]
[Round "04"]
[TimeControl "180+1"]
[Date "2021.11.16"]
[WhiteClock "0:00:05"]
[BlackClock "0:00:19"]

1. e4 e6 2. d4 d5 3. Nd2 c5 4. Ngf3 cxd4 5. Nxd4 Nc6 6. Bb5 Bd7 7. Nxc6 bxc6 8. Bd3 Bd6 9. Qe2 e5 10. exd5 cxd5 11. c4 Ne7 12. cxd5 Nxd5 13. Nc4 Bb4+ 14. Bd2 Bxd2+ 15. Qxd2 O-O 16. Bxh7+ Kxh7 17. Qxd5 Bf5 18. Qxd8 Rfxd8 19. O-O Bd3 20. Rfc1 Bxc4 21. Rxc4 Rd2 22. b4 Rad8 23. h3 Rb2 24. a4 Rdd2 25. Rf1 f5 26. b5 e4 27. Rc5 Kg6 28. Rc6+ Kg5 29. Re6 Ra2 30. Re7 g6 31. Rxa7 e3 32. Re7 f4 33. b6 Kf6 34. Re4 Kf5 35. Re8 exf2+ 36. Kh2 Rdb2 37. Rf8+ Kg5 38. h4+ Kg4 39. Rf6 g5 40. hxg5 Kxg5 41. Rc6 Kg4 42. Rc4 Rxb6 43. g3 Rf6 44. Rxf4+ Rxf4 45. gxf4 Kxf4 46. Kg2 Ke3 47. a5 Rb2 48. a6 Ra2 49. a7 Rxa7 50. Rxf2 Rg7+ 51. Kf1 Rc7 52. Re2+ Kf3 53. Re1 Rh7 54. Kg1 Rg7+ 55. Kf1 Rc7 56. Rb1 Rc3 57. Rd1 Re3 58. Re1 Rd3 59. Rc1 Rb3 60. Rd1 Ra3 61. Re1 Ra2 62. Kg1 Rg2+ 63. Kf1 Rh2 64. Kg1 Rg2+ 65. Kh1 Rg6 66. Rf1+ Ke2 67. Rf7 Rh6+ 68. Kg2 Rg6+ 69. Kh3 Ke3 70. Kh4 Rg1 71. Kh5 Rh1+ 72. Kg6 Rg1+ 73. Kf6 Rf1+ 74. Ke7 Rxf7+ 75. Kxf7 1/2-1/2


[Site "https://www.chess.com"]

[Event "Titled Tuesday Blitz November 16 2021"]
[White "Svidler, Peter"]
[Black "Pichot, Alan"]
[WhiteFideId "4102142"]
[BlackFideId "110973"]
[WhiteElo "2709"]
[BlackElo "2600"]
[Result "1-0"]
[Round "04"]
[TimeControl "180+1"]
[Date "2021.11.16"]
[WhiteClock "0:00:22"]
[BlackClock "0:00:03"]

1. e4 c5 2. Nf3 e6 3. d4 cxd4 4. Nxd4 Nc6 5. Nc3 Qc7 6. Be3 a6 7. g4 b5 8. Nxc6 Qxc6 9. Qd2 b4 10. Ne2 Qxe4 11. Rg1 Qc4 12. Ng3 Qc7 13. O-O-O Nf6 14. Nh5 Bb7 15. Nxf6+ gxf6 16. Bb6 Qc6 17. Bg2 d5 18. Bd4 Rc8 19. Kb1 Rg8 20. h3 e5 21. Rge1 Be7 22. Be3 Rd8 23. f4 e4 24. Bd4 h5 25. gxh5 f5 26. Rg1 a5 27. h4 Qh6 28. Qe2 Rg4 29. Bh3 Ba6 30. Qe3 Qxh5 31. Bxg4 fxg4 32. Bc5 d4 33. Bxd4 g3 34. Qxg3 Be2 35. Rd2 Bf3 36. b3 Rd5 37. Qg8+ Bf8 38. Be3 Rxd2 39. Bxd2 Qc5 40. Rg5 Qd6 41. Re5+ Kd8 42. Qxf7 Be7 43. Rd5 1-0


[Site "https://www.chess.com"]

[Event "Titled Tuesday Blitz November 16 2021"]
[White "Sviridov, Valery"]
[Black "Djokic, Mihailo"]
[WhiteFideId "4120680"]
[BlackFideId "976440"]
[WhiteElo "2454"]
[BlackElo "2008"]
[Result "1-0"]
[Round "04"]
[TimeControl "180+1"]
[Date "2021.11.16"]
[WhiteClock "0:02:16"]
[BlackClock "0:00:46"]

1. Nf3 Nf6 2. g3 g6 3. Bg2 Bg7 4. O-O O-O 5. c4 d6 6. Nc3 Nc6 7. d4 a6 8. d5 Na5 9. Nd2 c5 10. Qc2 Rb8 11. b3 b5 12. Bb2 bxc4 13. bxc4 Bh6 14. f4 e5 15. dxe6 Bxe6 16. Nd5 Rxb2 17. Qxb2 Bg7 18. Qc1 Nxd5 19. cxd5 Bxa1 20. Qxa1 Bf5 21. e4 Bd7 22. Qc3 Nb7 23. e5 Re8 24. Ne4 Rf8 25. Nf6+ Kh8 26. Nxd7 1-0


[Site "https://www.chess.com"]

[Event "Titled Tuesday Blitz November 16 2021"]
[White "Taichman, Ori"]
[Black "Babazada, Khazar"]
[WhiteFideId "2804069"]
[BlackFideId "13413554"]
[WhiteElo "2227"]
[BlackElo "2302"]
[Result "0-1"]
[Round "04"]
[TimeControl "180+1"]
[Date "2021.11.16"]
[WhiteClock "0:00:01"]
[BlackClock "0:00:16"]

1. e4 e5 2. d4 exd4 3. Qxd4 Nc6 4. Qe3 Nf6 5. Nc3 Bb4 6. Bd2 O-O 7. O-O-O Re8 8. Qg3 d6 9. f3 Be6 10. Nge2 b5 11. Bg5 Kh8 12. f4 h6 13. h4 Qe7 14. e5 dxe5 15. fxe5 Nh5 16. Qf3 Qc5 17. Qxh5 Nxe5 18. Ne4 Qc6 19. Nf6 Red8 20. Rxd8+ Rxd8 21. Bxh6 Nd3+ 22. Kb1 g6 23. Qf3 Bxa2+ 24. Kxa2 Qxc2 25. Bg7+ Kxg7 26. Nh5+ Kf8 27. Qf6 Rd6 28. Qh8+ Ke7 0-1


[Site "https://www.chess.com"]

[Event "Titled Tuesday Blitz November 16 2021"]
[White "Tari, Aryan"]
[Black "Khanin, Semen"]
[WhiteFideId "1510045"]
[BlackFideId "4111990"]
[WhiteElo "2656"]
[BlackElo "2442"]
[Result "0-1"]
[Round "04"]
[TimeControl "180+1"]
[Date "2021.11.16"]
[WhiteClock "0:00:02"]
[BlackClock "0:00:03"]

1. Nf3 Nf6 2. g3 g6 3. b3 Bg7 4. Bb2 d6 5. d4 b5 6. Bg2 Bb7 7. O-O O-O 8. c4 bxc4 9. bxc4 Nbd7 10. Nbd2 e6 11. Qc2 c5 12. Rab1 Qc7 13. e3 Rab8 14. Ba1 Bc6 15. Bc3 h6 16. Rfd1 Rxb1 17. Rxb1 Rb8 18. Ne1 Bxg2 19. Nxg2 Rxb1+ 20. Qxb1 cxd4 21. exd4 d5 22. c5 Nb8 23. Qb5 Nc6 24. Ne3 Nd7 25. Nb3 Qc8 26. Nc2 a6 27. Qa4 e5 28. Nb4 Nxb4 29. Qxb4 exd4 30. Bxd4 Bxd4 31. Qxd4 Qc6 32. a4 Qe6 33. Kg2 h5 34. Na5 Ne5 35. Qe3 Qf5 36. c6 d4 37. Qf4 Qe6 38. c7 Qd5+ 39. f3 Qc5 40. Qxe5 Qxe5 41. c8=Q+ Kh7 42. Nc6 Qe2+ 43. Kh3 d3 44. Qd7 Qe6+ 45. Qxe6 fxe6 0-1


[Site "https://www.chess.com"]